 Dungeon Crawl Stone Soup version 0.29.0-4-gdea44cf6ec (webtiles) character file.

Game seed: 11341813763676675921

2 qw the Sneak (level 1, -4/14 HPs)
             Began as a Gargoyle Delver on Sept 10, 2022.
             Slain by Edmund
             ... wielding a +0 flail of holy wrath
              (10 damage)
             ... on level 4 of the Dungeon.
             The game lasted 00:00:04 (327 turns).

qw the Sneak (Gargoyle Delver)                       Turns: 327, Time: 00:00:04

Health: -4/14      AC:  5    Str: 15    XL:     1   Next: 30%
Magic:  1/1        EV: 11    Int: 10    God:
Gold:   0          SH:  0    Dex: 11    Spells: 0/0 levels left

rFire   . . .      SeeInvis .   a - +0 hand axe
rCold   . . .      Faith    .   (no shield)
rNeg    + . .      Spirit   .   b - +0 leather armour
rPois   inf        Reflect  .   (no helmet)
rElec   +          Harm     .   (no cloak)
rCorr   .          Rampage  .   (no gloves)
Will    .....                   (no boots)
Stlth   +++.......              (no amulet)
HPRegen 0.04/turn               (no ring)
MPRegen 0.07/turn               (no ring)

@: no status effects
A: sickness immunity, AC +2, negative energy resistance 1, electricity
resistance, torment resistance 1, petrification resistance
a: no special abilities


You were on level 4 of the Dungeon.
You visited 1 branch of the dungeon, and saw 2 of its levels.


Innate Abilities, Weirdness & Mutations

You are immune to sickness and miasma.
Your stone body is resilient. (AC +2)
You are immune to poison.
You resist negative energy. (rN+)
You are resistant to electric shocks. (rElec)
You are resistant to unholy torment.
You are immune to petrification.


   Skills:
 - Level 3.2 Fighting
 + Level 2.0 Axes
 - Level 1.5 Dodging
 - Level 5.4 Stealth


You couldn't memorise any spells.
You didn't know any spells.
Your spell library was empty.

Inventory:

Hand Weapons
 a - a +0 hand axe (weapon)
 h - a +0 club
Armour
 b - a +0 leather armour (worn)
Wands
 g - a wand of digging (3)
Potions
 f - a potion of haste

Dungeon Overview and Level Annotations

Branches:
Dungeon (5/15)
 Temple: D:4-7

Altars:

Annotations:
D:4 Edmund


Message History

h - a +0 club You see here a +0 leather armour.
You hear the brisk hiss of a very distant avalanche of sand.
Found a stone staircase leading up.
309 ||| DROPPING scroll of fog.
You drop a scroll of fog.
310 ||| DROPPING scroll of magic mapping.
You drop a scroll of magic mapping.
311 ||| DROPPING scroll of fear.
You drop a scroll of fear.
(D) Dungeon
Where to? (* - list waypoints, ? - help)
What level of the Dungeon? (default 1, ? - help)
There is a stone staircase leading up here.
You climb upwards.
The ball python hisses angrily.
Edmund shouts!
You hear a shout!
Found a stone staircase leading up.
There is a stone staircase leading down here.
There are monsters nearby!
Existing waypoints: (2) D:5 Assign waypoint to what number? (0-9, D - delete waypoint) Waypoint 1 assigned to D:4.
Enter note: You closely miss Edmund.
You hit the ball python but do no damage.
The ball python barely misses you. The ball python grabs you.
The ball python constricts you. Edmund barely misses you.
The ball python closely misses you. The ball python constricts you.
You barely miss the ball python. You barely miss Edmund.
The ball python bites you but does no damage.
The ball python constricts you.
Edmund hits you with a +0 flail of holy wrath.
You closely miss the ball python. You hit Edmund but do no damage.
The ball python closely misses you. The ball python constricts you.
Edmund hits you with a +0 flail of holy wrath.
You hit the ball python.
You kill the ball python!
You hit Edmund but do no damage.
Edmund hits you with a +0 flail of holy wrath!
Ouch! That really hurt!
You die...

.#. .#
#..##.
###.#...
#......#
###......#
#..<.....#
......@%.#
#...@#
###....#
#..#..#
##.##...
#.# ##.#
#.. # ##.
.


You could see Edmund.

Vanquished Creatures
  An orc (D:5)
  A ball python (D:4)
2 creatures vanquished.

Notes
Turn   | Place    | Note
-------+----------+-------------------------------------------
     0 | D:5      | qw the Gargoyle Delver began the quest for the Orb.
     0 | D:5      | Reached XP level 1. HP: 14/14 MP: 1/1
     0 | D:5      | 0 ||| qw: Version: 0.1-a-116-g5d60599
     0 | D:5      | 0 ||| qw: Game counter: 7956
     0 | D:5      | 0 ||| qw: Always use a shield: true
     0 | D:5      | 0 ||| qw: God list: Okawaru
     0 | D:5      | 0 ||| qw: Allow faded altars: false
     0 | D:5      | 0 ||| qw: Do Orc after D:15 true
     0 | D:5      | 0 ||| qw: Do second Lair branch before Depths: true
     0 | D:5      | 0 ||| qw: Lair rune preference: random
     0 | D:5      | 0 ||| qw: Plans: Normal
     0 | D:5      | 0 ||| PLANNING D:1-11
    29 | D:5      | HP: 3/14 [orc/+0 club (3)]
   309 | D:5      | 309 ||| DROPPING scroll of fog.
   310 | D:5      | 310 ||| DROPPING scroll of magic mapping.
   311 | D:5      | 311 ||| DROPPING scroll of fear.
   320 | D:4      | Noticed Edmund
   327 | D:4      | Slain by Edmund

Levels and vault maps discovered:
D:4:      layout_rooms, tso_oasis_becter, nicolae_overflow_hidden_temple,
          mainiacjoe_overflow_catwalk, serial_shops, nicolae_shop_crystal,
          uniq_edmund, uniq_eustachio
D:5:      layout_basic, gup_ossuary_entry_pyramid, minmay_circle_x, uniq_pikel

Skill      XL: |  1 |
---------------+----+-----
Axes           | 2 |  2.0
Fighting       | |  3.2
Dodging        | |  1.5
Stealth        | |  5.4

Action                   || total
-------------------------++-------
Melee: Hand axe          ||    14
Armor: Leather armour    ||     3
Dodge: Dodged            ||     7

Table legend:
 A = Non-vault XP
 B = Vault XP
 C = Vault XP percentage of total XP
 D = Non-vault monster count
 E = Vault monster count
 F = Vault count percentage of total count
                 A         B        C        D         E       F
            +---------+---------+-------+---------+---------+-------
      Total |       4 |       0 |   0.0 |       2 |       0 |   0.0
            +---------+---------+-------+---------+---------+-------
        D:4 |       1 |       0 |   0.0 |       1 |       0 |   0.0
        D:5 |       3 |       0 |   0.0 |       1 |       0 |   0.0
            +---------+---------+-------+---------+---------+-------
